 Dungeon Crawl Stone Soup version 0.25.1-8-g42b30a86e7 (webtiles) character file.

Game seed: 14421254695701452286

665 Destapler the Skirmisher (level 7, -6/44 HPs)
             Began as a Gargoyle Chaos Knight on Dec 15, 2020.
             Was a Plaything of Xom.
             Mangled by Alannah's ghost (9 damage)
             ... on level 4 of the Dungeon.
             The game lasted 00:09:14 (3680 turns).

Destapler the Skirmisher (Gargoyle Chaos Knight)    Turns: 3680, Time: 00:09:14

Health: -6/44      AC: 11    Str: 17    XL:     7   Next: 57%
Magic:  7/7        EV: 12    Int: 12    God:    Xom [..*...]
Gold:   205        SH:  0    Dex: 10    Spells: 6/6 levels left

rFire    . . .     SeeInvis .   s - +4 quarterstaff (chaos)
rCold    . . .     Gourm    .   (shield currently unavailable)
rNeg     + . .     Faith    .   b - +2 leather armour
rPois    ∞         Spirit   .   (no helmet)
rElec    +         Reflect  .   p - +0 cloak
rCorr    .         Harm     .   (no gloves)
MR       .....                  (no boots)
Stlth    ++........             (no amulet)
HPRegen  0.14/turn              (no ring)
MPRegen  0.10/turn              (no ring)

@: mighty, stab
A: negative energy resistance 1, electricity resistance, unbreathing,
petrification resistance, rot immunity, AC +4
a: Renounce Religion


You were on level 4 of the Dungeon.
You worshipped Xom.
You were a toy of Xom.
You were not hungry.

You visited 1 branch of the dungeon, and saw 4 of its levels.

You collected 205 gold pieces.

Inventory:

Hand Weapons
 a - a +0 mace of chaos
 n - a +3 dagger of venom
 s - a +4 quarterstaff of chaos (weapon)
Missiles
 g - 9 poisoned darts
 r - 6 boomerangs (quivered)
Armour
 b - a +2 leather armour (worn)
 p - a +0 cloak (worn)
Scrolls
 f - 3 scrolls of remove curse {unknown}
 j - a scroll of teleportation {unknown}
 l - 5 scrolls of identify {unknown}
 q - a scroll of enchant weapon {unknown}
 t - a scroll of random uselessness {unknown}
 u - a scroll of blinking {unknown}
Potions
 d - a potion of might
 e - a potion of cancellation {unknown}
 h - a potion of stabbing
 i - 2 potions of berserk rage {unknown}
 k - a potion of flight {unknown}
 m - a potion of degeneration {unknown}
 o - 2 potions of lignification {unknown}
Comestibles
 c - 12 rations
 v - 2 chunks of flesh


   Skills:
 + Level 5.2 Fighting
 - Level 2.0 Short Blades
 - Level 3.5(3.7) Maces & Flails
 + Level 1.7(2.9) Staves
 + Level 4.6 Armour
 + Level 3.1 Dodging
 + Level 2.5 Stealth


You had 6 spell levels left.
You didn't know any spells.
Your spell library contained the following spells:

 Spells                   Type           Power        Failure   Level  Hunger
 Beastly Appendage        Tmut           #.....       36%         1    ##.....
 Sticks to Snakes         Tmut           #.......     52%         2    ###....
 Spider Form              Tmut/Pois      #.........   75%         3    ####...
 Ice Form                 Ice/Tmut       #.......     98%         4    #####..
 Blade Hands              Tmut           #.........   100%        5    ######.


Dungeon Overview and Level Annotations

Branches:
Dungeon (4/15)
 Temple: D:4-7

Altars:
Fedhas
Gozag
Trog
Xom
Yredelemnul
The Shining One

Annotations:
D:4 Alannah's ghost, amateur GrHu


Innate Abilities, Weirdness & Mutations

You are resistant to torment.
Your stone body is resilient. (AC +4)
You are immune to poison.
You resist negative energy. (rN+)
You are resistant to electric shocks. (rElec)
You can survive without breathing.
You are immune to petrification.
You are immune to rotting.


Message History

Something hits you but does no damage.
You closely miss something.
The worker ant zombie barely misses you.
Something hits you but does no damage.
You hit something but do no damage. "See what I see, my child!"
You detect nothing.
Something hits you but does no damage.
The worker ant zombie barely misses you.
It was a potion of stabbing.
You feel ready to backstab. Something hits you but does no damage.
The worker ant zombie misses you.
You sock the worker ant zombie!
Space bends around the worker ant zombie.
The worker ant zombie is severely damaged.
The worker ant zombie is no longer moving slowly.
Something barely misses you.
You sock the worker ant zombie!
You destroy the worker ant zombie!
Something hits you!
You die...

##..##.....................###.
#..###......#########......# ##
##.####......#..#.#..#......##.#
##.## #.......##..$$.##.......##.
..## #.......#.......#..........
.## #.......##.....##........÷.
..## #.......#.......#......##..
....###.......###{''###.....####.
####..#.........@..........# ## #
#.#.....÷.............# #. .
#.#................... #.. .
#.................... #..#
##.................. #..#
##.............<..# #..# ##
##...............## #.. ## #.
##..(............## .. ##.
..###.........<...... #..


There were no monsters in sight!

Vanquished Creatures
  Grinder (D:3)
  An ogre (D:4)
  Crazy Yiuf (D:3)
  An orc priest (D:3)
  2 orc wizards (D:4)
  Natasha (thrice) (D:4)
  A bullfrog skeleton (D:4)
  A worker ant (D:4)
  A worker ant zombie (D:4)
  7 adders
  A worm (D:4)
  A dart slug (D:1)
  3 leopard geckos
  10 orcs
  3 giant cockroaches
  4 goblins
  5 hobgoblins
  A quokka (D:2)
  A ball python (D:2)
  7 bats
  4 frilled lizards
  A jackal skeleton (D:4)
  12 kobolds
  4 rats
76 creatures vanquished.

Notes
Turn   | Place    | Note
-------+----------+-------------------------------------------
     0 | D:1      | Destapler the Gargoyle Chaos Knight began the quest for the
                  | Orb.
     0 | D:1      | Reached XP level 1. HP: 14/14 MP: 1/1
   149 | D:1      | XOM: butterfly on damage
   258 | D:1      | Reached skill level 1 in Dodging
   270 | D:1      | Reached XP level 2. HP: 19/19 MP: 2/2
   510 | D:2      | XOM: silly message
   698 | D:2      | Found an opulent altar of Gozag.
   745 | D:2      | XOM: silly message
   771 | D:2      | XOM: silly message
   801 | D:2      | Reached XP level 3. HP: 21/23 MP: 3/3
   847 | D:2      | Found a faded altar of an unknown god.
  1021 | D:2      | XOM: silly message
  1184 | D:2      | Reached XP level 4. HP: 29/29 MP: 4/4
  1380 | D:2      | XOM: cloud trail
  1512 | D:3      | Noticed Grinder
  1515 | D:3      | XOM: potion effect (brilliance)
  1527 | D:3      | Killed Grinder
  1527 | D:3      | Reached skill level 4 in Fighting
  1527 | D:3      | Reached skill level 1 in Short Blades
  1527 | D:3      | Reached XP level 5. HP: 11/34 MP: 5/5
  1527 | D:3      | Reached XP level 6. HP: 12/39 MP: 6/6
  1757 | D:3      | Found a bloodstained altar of Trog.
  1982 | D:3      | XOM: silly message
  2043 | D:3      | Found a runed translucent door.
  2044 | D:3      | Noticed Crazy Yiuf
  2155 | D:3      | Found a basalt altar of Yredelemnul.
  2399 | D:3      | Killed Crazy Yiuf
  2399 | D:3      | Reached skill level 1 in Stealth
  2529 | D:4      | Noticed Natasha
  2536 | D:4      | Killed Natasha
  2616 | D:4      | Noticed Natasha
  2623 | D:4      | Killed Natasha
  2779 | D:4      | XOM is BORED!
  2779 | D:4      | Found a blossoming altar of Fedhas.
  2779 | D:4      | XOM: 1-stop teleportation journey
  2794 | D:4      | Found a shimmering altar of Xom.
  2800 | D:4      | Reached XP level 7. HP: 35/44 MP: 7/7
  2800 | D:4      | XOM: silly message
  2810 | D:4      | Reached skill level 1 in Staves
  2954 | D:4      | Reached skill level 5 in Fighting
  2980 | D:4      | XOM: god gift: 19 stones
  3019 | D:4      | Noticed Natasha
  3027 | D:4      | XOM: enchant monster (bad)
  3034 | D:4      | Killed Natasha
  3219 | D:4      | Found a glowing golden altar of the Shining One.
  3573 | D:4      | XOM: 1-stop teleportation journey
  3609 | D:4      | XOM: silly message
  3640 | D:4      | XOM: 5-stop teleportation journey
  3647 | D:4      | Found a runed translucent gate.
  3647 | D:4      | Found a runed translucent gate.
  3647 | D:4      | Found a runed translucent gate.
  3651 | D:4      | Noticed Alannah's ghost (amateur GrHu)
  3675 | D:4      | HP: 2/44 [something (9)]
  3677 | D:4      | XOM: divination: detect items
  3680 | D:4      | Mangled by Alannah's ghost

Illustrated notes

Levels and vault maps discovered:
D:1:      ebering_hopf_link, layout_rooms
D:2:      layout_basic, nicolae_overflow_crystal_walls, first_ration,
          chequers_ecumenical_altar_simple
D:3:      corexii_shack_village, layout_rooms, bloody_trog, lemuel_doored_altar,
          uniq_crazy_yiuf_cottage, uniq_grinder
D:4:      layout_layer_cave, fedhas_ov_isle_minmay, lemuel_round_altar,
          grunt_temple_overflow_open, gammafunk_ghost_necromancy,
          minmay_bisected, uniq_natasha

Skill      XL: |  1  2  3  4  5  6  7 |
---------------+----------------------+-----
Dodging        | 1 2 3 |  3.1
Armour         | 3 4 |  4.6
Fighting       | 4 5 |  5.2
Short Blades   | 1 2 |  2.0
Stealth        | 1 2 |  2.5
Staves         | 1 |  1.7
Maces & Flails | |  3.5

Action                   |  1- 3 |  4- 6 |  7- 9 || total
-------------------------+-------+-------+-------++-------
Melee: Mace              |   100 |     2 |       ||   102
       Dagger            |       |    89 |       ||    89
       Quarterstaff      |       |    21 |    68 ||    89
  Use: Potion            |       |     1 |     2 ||     3
 Stab: Sleeping          |       |       |     1 ||     1
  Eat: Chunk             |     1 |     5 |     3 ||     9
Armor: Leather armour    |    57 |    36 |    56 ||   149
Dodge: Dodged            |    87 |    64 |    42 ||   193
